 Dungeon Crawl Stone Soup version 0.20-a0-513-g02c11fc (webtiles) character file.

61 Klosterheim the Skirmisher (level 3, 0/30 HPs)
             Began as a Demonspawn Abyssal Knight on Jan 21, 2017.
             Was an Initiate of Ru.
             Slain by an ooze (1 damage)
             ... on level 2 of the Dungeon on Jan 22, 2017.
             The game lasted 00:04:43 (1630 turns).

Klosterheim the Skirmisher (DsAK)                   Turns: 1630, Time: 00:04:44

Health: 0/30       AC:  7    Str: 13    XL:     3   Next: 83%
Magic:  0/4        EV:  9    Int: 13    God:    Ru [......]
Gold:   57         SH:  0    Dex: 14    Spells: 2/2 levels left

rFire    . . .     SeeInvis .   a - +1 hand axe
rCold    . . .     Gourm    .   r - +0 scale mail
rNeg     . . .     Faith    .   (no shield)
rPois    .         Spirit   +   (no helmet)
rElec    .         Reflect  .   (no cloak)
rCorr    .         Harm     .   o - +0 pair of gloves
MR       .....                  (no boots)
Stlth    +.........             (no amulet)
Regen    0.1/turn               (no ring)
                                (no ring)

@: no status effects
A: thin skeletal structure 1, magic shield
a: Renounce Religion


You were on level 2 of the Dungeon.
You worshipped Ru.
Ru was noncommittal.
You were not hungry.

You visited 1 branch of the dungeon, and saw 2 of its levels.
You visited the Abyss 1 time.

You collected 57 gold pieces.

Inventory:

Hand Weapons
 a - a +1 hand axe (weapon)
Armour
 o - a +0 pair of gloves (worn)
 r - a +0 scale mail (worn)
Scrolls
 e - a scroll of remove curse {unknown}
 h - 2 scrolls of teleportation {unknown}
 i - a scroll of fear {unknown}
 k - a scroll of fog {unknown}
 m - 2 scrolls of magic mapping {unknown}
 n - a scroll of immolation {unknown}
 p - 2 scrolls of identify {unknown}
 q - a scroll of amnesia {unknown}
Potions
 d - 2 potions of mutation {unknown}
 g - 2 potions of might {unknown}
 l - a potion of haste {unknown}
 s - a potion of resistance {unknown}
 u - a potion of invisibility {unknown}
Comestibles
 b - a royal jelly
 c - 2 bread rations
 f - 7 chunks of flesh
 j - 2 fruits
 t - a meat ration


   Skills:
 + Level 3.7 Fighting
 * Level 3.2 Axes
 - Level 1.7 Armour
 - Level 0.8 Dodging
   Level 2.4 Invocations


You had 2 spell levels left.
You didn't know any spells.

Dungeon Overview and Level Annotations

Branches:
Dungeon (2/15)

Altars:
Ru
Sif Muna


Innate Abilities, Weirdness & Mutations

You have a somewhat thin skeletal structure. (Dex +2, Stealth)
When hurt, damage is shared between your health and your magic reserves.


Message History

The ooze hits you but does no damage. The ooze barely misses you.
The ooze hits you but does no damage. The ooze closely misses you.
The ooze hits you but does no damage. The ooze hits you but does no damage.
The ooze barely misses you. The ooze hits you but does no damage.
The ooze hits you but does no damage. The ooze hits you but does no damage.
The ooze hits you but does no damage. The ooze barely misses you.
The ooze hits you.
* * * LOW HITPOINT WARNING * * *
The ooze hits you.
* * * LOW HITPOINT WARNING * * *
The ooze barely misses you. The ooze barely misses you. The ooze hits you.
You die...

...............#
#
.##............#
.##............#
.##..######....#
.#...######....#
.#...........).#
.#...
####..รทรท.#
.#..
###.#.#######.#
.#
#........@J...#
##
#.......#######
#.......#
#.....=.#
#.......#
........##
#.......#
........#


You could see an ooze.

Vanquished Creatures
  An adder (D:2)
  An ooze (D:2)
  2 dart slugs
  4 bats
  3 giant cockroaches
  9 goblins
  4 hobgoblins (D:1)
  5 jackals (D:1)
  4 kobolds (D:1)
  3 frilled lizards
  3 rats (D:1)
39 creatures vanquished.

Notes
Turn   | Place    | Note
-------+----------+-------------------------------------------
     0 | Abyss:1  | Klosterheim the Demonspawn Abyssal Knight began the quest for the Orb.
     0 | Abyss:1  | Reached XP level 1. HP: 18/18 MP: 2/2
   145 | Abyss:1  | Noticed a thrashing horror
   145 | D:1      | Escaped the Abyss
   391 | D:1      | Gained mutation: You have a somewhat thin skeletal structure. (Dex +2, Stealth) [demonic ancestry]
   391 | D:1      | Reached XP level 2. HP: 24/24 MP: 3/3
   479 | D:1      | Reached * piety under Lugonu
   859 | D:1      | Upgraded the game from 0.20-a0-507-gc86f373 to 0.20-a0-513-g02c11fc
  1045 | D:1      | Gained mutation: When hurt, damage is shared between your health and your magic reserves. [demonic ancestry]
  1045 | D:1      | Reached XP level 3. HP: 20/29 MP: 4/4
  1400 | D:2      | Found a deep blue altar of Sif Muna.
  1400 | D:2      | Found a sacrificial altar of Ru.
  1411 | D:2      | Fell from the grace of Lugonu
  1411 | D:2      | Became a worshipper of Ru the Awakened
  1627 | D:2      | HP: 1/30 [ooze (1)]
  1630 | D:2      | Slain by an ooze

Vault maps used:
D:1:      wheals_arrival_shading, minmay_tromino_v2
D:2:      chequers_temple_overflow_statue_of_worship
Abyss:1:  lemuel_flamethrower_3

Skill      XL: |  1  2  3 |
---------------+----------+-----
Axes           | 2 3 |  3.2
Fighting       | |  3.7
Armour         | |  1.7
Dodging        | |  0.8
Invocations    | |  2.4

Action                   || total
-------------------------++-------
Melee: Hand axe          ||   128
Invok: Depart the Abyss  ||     1
 Stab: Sleeping          ||     1
  Eat: Chunk             ||     2
Armor: Leather armour    ||    36
       Scale mail        ||    68
Dodge: Dodged            ||   145
